 Dungeon Crawl Stone Soup version 0.17.1-1-g73c8601 (webtiles) character file.

16733 JustSomeDude the Nimble (level 12, -5/94 HPs)
             Began as a Demonspawn Monk on Dec 23, 2015.
             Killed from afar by a fire giant (25 damage)
             ... with a bolt of fire
             ... on level 3 of the Orcish Mines.
             The game lasted 00:54:17 (11134 turns).

JustSomeDude the Nimble (Demonspawn Monk)          Turns: 11134, Time: 00:54:17

Health: -5/94      AC: 19    Str: 15    XL:     12   Next: 12%
Magic:  0/12       EV: 23    Int:  9    God:
Gold:   1814       SH:  0    Dex: 23    Spells: 0 memorised, 11 levels left

rFire  . . .     SeeInvis +     f - +10 short sword of Nieran {vamp, rC+}
rCold  + + .     Clarity  .     n - +5 ring mail of the Earth {Int-2 Dex+7 SInv}
rNeg   . . .     SustAt   .     (no shield)
rPois  .         Gourm    .     (helmet restricted)
rElec  .         Spirit   +     x - +0 cloak
rCorr  .         Warding  .     (no gloves)
rMut   .         Stasis   .     (no boots)
MR     +....                    D - amulet of guardian spirit
Stlth  ++++......               v - +3 ring of evasion
                                e - ring of see invisible

@: about to teleport, somewhat resistant to hostile enchantments, stealthy
A: antennae 1, talons 1, rough black scales 2, cold resistance 1, magic
resistance 1, spiny 2, magic shield
a: no special abilities


You were on level 3 of the Orcish Mines.
You were very full.

You visited 3 branches of the dungeon, and saw 14 of its levels.
You also visited: Ossuary.

You collected 1814 gold pieces.

Inventory:

Hand Weapons
 f - the +10 short sword of Nieran (weapon) {vamp, rC+}
   (You found it on level 9 of the Dungeon)

   It inflicts no extra harm, but heals its wielder somewhat when it strikes a
   living foe.
   It protects you from cold.
 k - a +2 greatsling of flaming
 t - a +2 hunting sling of velocity
Missiles
 j - a steel tomahawk
 q - 136 stones (quivered)
Armour
 a - a +1 robe
 n - the +5 ring mail of the Earth (worn) {Int-2 Dex+7 SInv}
   (You found it on level 9 of the Dungeon)

   It affects your intelligence (-2).
   It affects your dexterity (+7).
   It lets you see invisible.
 x - a +0 cloak (worn)
 z - a +1 helmet
Jewellery
 e - a ring of see invisible (left hand)
 r - an uncursed ring of teleportation
 v - a +3 ring of evasion (right hand)
 D - an amulet of guardian spirit (around neck)
Wands
 m - a wand of fire (0)
 A - a wand of draining (12)
Scrolls
 c - a scroll of amnesia
 h - 2 scrolls of teleportation
 i - 2 scrolls of immolation
 l - 3 scrolls of enchant weapon
 p - a scroll of noise
 s - 2 scrolls of identify
 w - a scroll of remove curse
Potions
 d - 4 potions of degeneration
 o - a potion of ambrosia
Books
 C - Sif Muna's Volume of the Dark Compass
   (You found it on level 7 of the Dungeon)

   Spells                             Type                      Level
   a - Blink                          Translocation                2
   b - Portal Projectile              Translocation                3
   c - Animate Dead                   Necromancy                   4
   d - Control Undead                 Necromancy                   4
   e - Summon Forest                  Summoning/Translocation      5
Comestibles
 b - 2 bread rations
 g - 3 meat rations


   Skills:
 + Level 8.3 Fighting
 + Level 6.3 Short Blades
 + Level 0.5(2.6) Slings
 + Level 4.2 Throwing
 + Level 5.7 Armour
 + Level 10.4 Dodging
 + Level 7.8 Stealth
 - Level 7.6 Unarmed Combat


You had 11 spell levels left.
You didn't know any spells.

Dungeon Overview and Level Annotations

Branches:
Dungeon (10/15)            Temple (1/1) D:7             Orc (3/4) D:9
    Elf (0/3) Orc:3
   Lair: D:8-11

Altars:
Ashenzari
Cheibriados
Dithmenos
Elyvilon
Fedhas
Gozag
Kikubaaqudgha
Makhleb
Nemelex Xobeh
Okawaru
Qazlal
Ru
Sif Muna
Trog
Vehumet
Xom
Yredelemnul
Zin
The Shining One
Beogh

Shops:
D:6 :   D:8 *


Innate Abilities, Weirdness & Mutations

You have sharp toenails.
You are mostly covered in rough black scales (AC +7, Dex -2).
You are mostly covered in sharp spines.
When hurt, damage is shared between your health and your magic reserves.
You have a pair of small antennae on your head.
Your flesh is cold resistant.
You are resistant to hostile enchantments.


Message History

The fire giant is lightly wounded.
The fire giant hits you with a great sword of flaming!!
The fire giant burns you!
You puncture the fire giant!
You claw the fire giant, but do no damage.
The fire giant is lightly wounded.
You barely miss the fire giant.
You claw the fire giant, but do no damage.
The fire giant is lightly wounded.
The fire giant is struck by your spines.
The fire giant hits you with a great sword of flaming!!
* * * LOW HITPOINT WARNING * * *
The fire giant burns you.
* * * LOW HITPOINT WARNING * * *
Read which item? (? for menu, Esc to quit)
As you read the scroll of teleportation, it crumbles to dust.
You feel strangely unstable.
The fire giant points at you and mumbles some strange words.
The bolt of fire hits you!
You die...

######## #######################
......(####........#.(...........
.((.(..(C.'.......('.............
.......####........#.((..........
.......#######)#####.............
.......')))))#.##############'###
.......#)).).#.C@........'.......
..C....###################.......
#####################C#**#.......
* #####......(...≈≈≈≈§§≈#.......
####.#.......####P≈≈≈≈§≈≈#.......
#.........####**,,.≈≈§§S≈###'''##
#......#### *,,,,,,..≈≈≈≈.≈≈≈≈§≈≈
.........###****,,,,......≈≈≈≈≈§≈
...........### ******##**#..§).§.


You could see a fire giant.

Vanquished Creatures
  Snorg (Orc:2)
  15 hill giants
  2 orc knights (Orc:2)
  2 cyclopes
  Psyche (D:9)
  2 two-headed ogres (Orc:3)
  The ghost of Yermak the Sneak, an amateur FeWn of Cheibriados (D:4)
  A fire elemental (Orc:3)
  A hippogriff (D:7)
  3 wolves (Orc:3)
  6 wargs
  14 orc warriors
  A black bear (D:6)
  4 phantoms
  The ghost of ololoev the Chopper, an amateur DsFi (D:5)
  10 ogres
  3 elf zombies (Ossuary)
  2 big kobolds
  2 giant frogs
  3 scorpions
  The ghost of emiel the Shield-Bearer, a weakling OpFi (D:3)
  2 crimson imps
  2 centaur zombies (Ossuary)
  A human zombie (Ossuary)
  4 giant frog skeletons
  23 orc wizards
  13 orc priests
  2 iguanas
  7 worker ants
  A big kobold zombie (Ossuary)
  3 hound zombies
  2 hound skeletons
  2 mummies (Ossuary)
  10 adders
  A shadow imp (D:7)
  An ooze (D:2)
  An adder skeleton (D:4)
  5 adder zombies
  2 worms
  5 giant geckos
  130 orcs
  11 bats
  6 giant cockroaches
  9 hobgoblins
  10 jackals
  9 quokkas
  5 ball pythons
  2 giant newts
  12 goblins
  A goblin zombie (Ossuary)
  12 hobgoblin zombies (Ossuary)
  A jackal zombie (Ossuary)
  19 kobolds
  8 kobold zombies (Ossuary)
  5 orc zombies (Ossuary)
  A quokka skeleton (D:7)
  4 rats
408 creatures vanquished.

Notes
Turn   | Place    | Note
--------------------------------------------------------------
     0 | D:1      | JustSomeDude the Demonspawn Monk began the quest for the Orb.
     0 | D:1      | Reached XP level 1. HP: 18/18 MP: 1/1
   343 | D:1      | Gained mutation: When hurt, damage is shared between your health and your magic reserves. [demonic ancestry]
   343 | D:1      | Reached XP level 2. HP: 24/24 MP: 2/2
   619 | D:2      | Reached skill level 4 in Unarmed Combat
   627 | D:2      | Gained mutation: You are partially covered in sharp spines. [demonic ancestry]
   627 | D:2      | Reached XP level 3. HP: 6/29 MP: 3/3
  1201 | D:2      | Gained mutation: You are partially covered in rough black scales (AC +4, Dex -1). [demonic ancestry]
  1201 | D:2      | Reached XP level 4. HP: 30/35 MP: 2/4
  1579 | D:3      | Found an iron altar of Okawaru.
  1669 | D:3      | Reached XP level 5. HP: 33/41 MP: 3/5
  1985 | D:3      | Noticed emiel's ghost (weakling OpFi)
  2014 | D:3      | Killed emiel's ghost
  2331 | D:4      | Noticed Yermak's ghost (amateur FeWn)
  2391 | D:4      | You fall through a shaft for 2 floors!
  2401 | D:5      | Entered Level 5 of the Dungeon
  2437 | D:5      | Noticed ololoev's ghost (amateur DsFi)
  2458 | D:5      | Killed ololoev's ghost
  2458 | D:5      | Reached skill level 1 in Throwing
  2458 | D:5      | Gained mutation: You are mostly covered in rough black scales (AC +7, Dex -2). [demonic ancestry]
  2458 | D:5      | Reached XP level 6. HP: 21/48 MP: 2/6
  2716 | D:5      | Found a blossoming altar of Fedhas.
  2823 | D:5      | Noticed a phantom
  2866 | D:5      | Killed a phantom
  2891 | D:5      | Reached skill level 5 in Unarmed Combat
  2891 | D:5      | Gained mutation: You are mostly covered in sharp spines. [demonic ancestry]
  2891 | D:5      | Reached XP level 7. HP: 49/53 MP: 7/7
  3049 | D:4      | Killed Yermak's ghost
  3183 | D:4      | Noticed an ogre
  3191 | D:4      | Killed an ogre
  3191 | D:4      | Reached skill level 5 in Dodging
  3320 | D:4      | Noticed an ogre
  3328 | D:4      | Killed an ogre
  3760 | D:5      | Found a burning altar of Makhleb.
  3760 | D:5      | Found a sacrificial altar of Ru.
  3934 | D:6      | Found Woletuamo's Book Emporium.
  3983 | D:6      | Noticed a black bear
  3995 | D:6      | Killed a black bear
  4051 | D:6      | Noticed a phantom
  4054 | D:6      | Reached XP level 8. HP: 49/61 MP: 6/8
  4084 | D:6      | Killed a phantom
  4272 | D:6      | Found a deep blue altar of Sif Muna.
  4273 | D:6      | Reached skill level 5 in Stealth
  4344 | D:7      | Reached skill level 6 in Unarmed Combat
  4424 | D:7      | Found a shattered altar of Ashenzari.
  4442 | D:7      | Reached skill level 5 in Fighting
  4537 | D:7      | Found a staircase to the Ecumenical Temple.
  4552 | D:7      | Identified Sif Muna's Volume of the Dark Compass
  4559 | Temple   | Entered the Ecumenical Temple
  5185 | D:8      | Gained mutation: Your flesh is cold resistant. [potion of mutation]
  5185 | D:8      | Gained mutation: You have a pair of small antennae on your head. [potion of mutation]
  5185 | D:8      | Gained mutation: You are resistant to hostile enchantments. [potion of mutation]
  5272 | D:8      | Found Plog's Assorted Antiques.
  5285 | D:8      | Noticed a cyclops
  5456 | D:8      | Reached XP level 9. HP: 52/68 MP: 7/9
  5540 | D:8      | Found a sand-covered staircase.
  5544 | Ossuary  | Entered an ossuary
  5934 | D:8      | Killed a cyclops
  5934 | D:8      | Reached skill level 7 in Dodging
  6495 | D:9      | Found a staircase to the Orcish Mines.
  6570 | D:9      | Got a shimmering ring mail
  6581 | D:9      | Identified the +5 ring mail of the Earth {Int-2 Dex+7 SInv} (You found it on level 9 of the Dungeon)
  6823 | D:9      | Reached skill level 1 in Armour
  6832 | D:9      | Found a white marble altar of Elyvilon.
  6960 | D:9      | Got a transparent short sword
  6961 | D:9      | Identified the +10 short sword of Nieran {vamp, rC+} (You found it on level 9 of the Dungeon)
  7024 | D:9      | Noticed Psyche
  7034 | D:9      | Killed Psyche
  7034 | D:9      | Gained mutation: You have sharp toenails. [demonic ancestry]
  7034 | D:9      | Reached XP level 10. HP: 75/77 MP: 10/10
  7133 | D:10     | Entered Level 10 of the Dungeon
  7176 | Orc:1    | Entered Level 1 of the Orcish Mines
  7244 | Orc:1    | Reached skill level 8 in Dodging
  7491 | Orc:2    | Noticed an orc knight
  7523 | Orc:2    | Killed an orc knight
  7703 | Orc:2    | Noticed Snorg
  7734 | Orc:2    | Killed Snorg
  7820 | Orc:2    | Reached skill level 9 in Dodging
  7941 | Orc:2    | Found a roughly hewn altar of Beogh.
  8331 | Orc:2    | Noticed an orc knight
  8365 | Orc:2    | HP: 2/77 [orc knight/enchanted great sword (17)]
  8385 | Orc:2    | Killed an orc knight
  8772 | Orc:3    | Found a roughly hewn altar of Beogh.
  8982 | Orc:3    | Noticed a hill giant
  8993 | Orc:3    | Killed a hill giant
  8993 | Orc:3    | Reached XP level 11. HP: 72/84 MP: 8/11
  8997 | Orc:3    | Noticed a cyclops
  9020 | Orc:3    | Noticed a hill giant
  9024 | Orc:3    | Noticed a hill giant
  9152 | Orc:3    | Killed a hill giant
  9161 | Orc:3    | Killed a hill giant
  9283 | Orc:3    | Found a staircase to the Elven Halls.
  9630 | Orc:3    | Noticed a hill giant
  9633 | Orc:3    | Noticed a hill giant
  9634 | Orc:3    | Noticed a hill giant
  9635 | Orc:3    | Noticed a hill giant
  9638 | Orc:3    | Noticed a hill giant
  9639 | Orc:3    | Noticed a hill giant
  9657 | Orc:3    | Killed a hill giant
  9672 | Orc:2    | Killed a hill giant
  9975 | Orc:3    | Killed a hill giant
 10029 | Orc:3    | Killed a hill giant
 10029 | Orc:3    | Reached skill level 5 in Short Blades
 10029 | Orc:3    | Reached skill level 10 in Dodging
 10031 | Orc:3    | Killed a hill giant
 10094 | Orc:3    | Killed a hill giant
 10094 | Orc:3    | Reached skill level 5 in Armour
 10161 | Orc:3    | Noticed a hill giant
 10161 | Orc:3    | Noticed a hill giant
 10161 | Orc:3    | Noticed a hill giant
 10171 | Orc:3    | Killed a hill giant
 10529 | Orc:3    | Killed a hill giant
 10541 | Orc:3    | Killed a hill giant
 10632 | Orc:3    | Noticed a hill giant
 10632 | Orc:3    | Noticed a hill giant
 10632 | Orc:3    | Noticed a hill giant
 10647 | Orc:3    | Killed a hill giant
 10647 | Orc:3    | Reached XP level 12. HP: 93/93 MP: 10/12
 10655 | Orc:3    | Killed a hill giant
 10665 | Orc:3    | Killed a hill giant
 10672 | Orc:3    | Noticed a cyclops
 10672 | Orc:3    | Noticed a fire giant
 10672 | Orc:3    | Noticed a cyclops
 11092 | Orc:3    | Killed a cyclops
 11134 | Orc:3    | Killed from afar by a fire giant

Action                   |  1- 3 |  4- 6 |  7- 9 | 10-12 || total
-------------------------+-------+-------+-------+-------++-------
Melee: Unarmed           |    86 |   113 |   365 |       ||   564
       Short sword       |       |       |     8 |   472 ||   480
 Fire: Greatsling        |       |       |       |    12 ||    12
Throw: Stone             |       |    43 |    33 |    51 ||   127
Evoke: Wand              |       |       |       |     3 ||     3
  Use: Scroll            |       |    10 |     6 |     8 ||    24
       Potion            |       |       |    12 |     9 ||    21
 Stab: Sleeping          |     3 |     9 |    12 |     6 ||    30
  Eat: Bread ration      |     1 |       |     3 |     4 ||     8
       Chunk             |       |     1 |     2 |       ||     3
       Meat ration       |       |       |     1 |     2 ||     3
       Beef jerky        |       |       |     1 |       ||     1
